AoeStats
← TheQuietRiot

Arabia

505099557Analyzed
1v1 RM · 25d ago on Sep 7, 2026· 23m 38s· 2 players
Game mode
Random Map
Map size
Tiny (2 player)
Population
200
Speed
Normal
Resources
Standard
Victory
Conquest
Starting age
Dark Age
Ending age
Imperial Age
RankedLock teamsTeams togetherTeam positionsShared explorationLock speedFull tech treeHidden civsTurbo modeCheats
Victory
Defeat
🇹🇼 Malians · Taiwan
938
+15
🇬🇧 Britons · United Kingdom
913
-15
TheQuietRiot
11:02 Feudal Age
10:38 Loom
13:10 Double-Bit Axe
18:34 Fletching
21:03 Castle Age
19:23 Stone Mining
roger777
3:58 Loom
6:54 Loom
9:31 Feudal Age
11:51 Man-at-Arms
14:30 Double-Bit Axe
21:47 Castle Age
20:54 Bloodlines
22:29 Scale Barding Armor
Connection lost

Rejoining the realm…

Still unreachable

The connection could not be restored.

Session expired

The server has moved on; the page needs a fresh start.